Map: Ascension to Aiur LE

Players

Erfeyah - Winner!

  • Race: Terran Terran
  • Spawn Location: 11:00

A.I. 1 (Easy)

  • Race: Protoss Protoss
  • Spawn Location: 5:00

VOD

Have the link to the VOD?

Description

Time

  • Played on: Nov. 28, 2017, 3:13 p.m.
  • Length: 14:57
Show
View Real Time Build Order
Export as new Build Order

Erfeyah Terran - Winner!

Build Orders:  

Get SALT Encoding   

  12  0:02  SCV  
  13  0:15  SCV  
  14  0:27  SCV  
  15  0:40  Supply Depot  
  15  0:57  Supply Depot  
  15  1:01  SCV  
  16  1:13  SCV  
  16  1:15  Barracks  
  17  1:25  SCV  
  18  1:38  SCV, Barracks  
  19  1:46  Refinery  
  19  1:50  SCV  
  20  2:25  Supply Depot  
  20  2:27  Barracks  
  20  2:29  SCV  
  21  2:41  SCV  
  22  2:49  Marine x2, Supply Depot  
  24  2:55  SCV  
  25  3:06  Marine  
  25  3:07  SCV  
  27  3:12  Supply Depot  
  27  3:16  Command Center  
  28  3:20  SCV  
  28  3:32  Marine x2  
  28  3:33  Marine  
  31  3:36  SCV  
  32  3:48  SCV, Factory  
  32  3:50  Marine x3  
  32  3:54  Refinery  
  36  4:09  SCV  
  37  4:10  Marine x3  
  40  4:21  SCV  
  43  4:33  SCV  
  43  4:35  Barracks Tech Lab  
  43  4:38  Barracks Tech Lab  
  43  4:45  SCV  
  43  4:53  SCV  
  43  4:56  Barracks Tech Lab, Marine  
  43  4:57  SCV, Marine  
  47  5:05  SCV  
  48  5:08  Starport  
  48  5:09  SCV  
  49  5:14  Marine x2  
  49  5:17  Starport  
  49  5:18  SCV  
  52  5:23  Starport  
  52  5:25  SCV  
  52  5:26  Marine  
  54  5:30  SCV  
  54  5:32  Marine x2  
  57  5:37  SCV  
  58  5:44  Marine  
  59  5:50  Marine  
  59  5:51  Supply Depot, Marauder  
  62  6:02  Marauder  
  64  6:04  SCV x2  
  64  6:08  Marauder  
  64  6:10  Medivac  
  70  6:12  Marine  
  70  6:16  SCV x2  
  73  6:23  Marine  
  73  6:29  Supply Depot, Marine  
  73  6:30  Marine  
  74  6:41  Marauder  
  74  6:45  SCV x2  
  78  6:51  Marauder x2  
  78  6:52  Supply Depot  
  82  6:57  SCV x2  
  84  7:03  Marauder  
  86  7:09  Supply Depot  
  86  7:14  SCV x2, Marine x2, Supply Depot x2  
  90  7:23  Marine  
  90  7:26  SCV, Medivac  
  94  7:30  SCV  
  94  7:31  Marine x2  
  94  7:32  Supply Depot  
  97  7:37  Supply Depot  
  97  7:38  SCV  
  98  7:54  Supply Depot  
  98  8:01  Supply Depot  
  98  8:06  Command Center  
  98  8:14  SCV x2  
  98  8:16  Supply Depot, Marine x3  
  71  8:20  Medivac x3  
  103  8:26  SCV  
  110  8:34  Marine x2  
  110  8:39  Supply Depot  
  112  8:44  SCV x2  
  112  8:45  Marine  
  115  8:49  Medivac  
  115  8:50  Medivac  
  115  8:52  Medivac, Marine x2  
  123  8:56  SCV  
  124  9:03  Marine  
  124  9:09  Marine x2  
  127  9:19  Medivac  
  127  9:21  Marine  
  130  9:27  Marine x2  
  132  9:39  Marauder  
  136  9:46  Marauder x2  
  138  9:53  Medivac x2  
  142  10:00  Marauder  
  142  10:06  Marine  
  142  10:07  Marine  
  146  10:21  Marine  
  146  10:24  Marine  
  146  10:25  Marauder  
  150  10:39  Refinery  
  150  10:40  Marauder  
  152  10:44  Refinery  
  152  11:01  Marine x3  
  143  11:19  Marauder x3  
  149  11:40  Marauder x2  
  149  11:41  Marauder  
  155  11:50  Medivac  
  155  11:51  Medivac  
  155  11:52  Viking  
  161  12:02  Marauder x3  
  167  12:22  Marine  
  167  12:23  Marine  
  167  12:24  Marauder  
  167  12:41  Marauder x2  
  168  12:45  Marauder  
  170  12:54  Medivac x3  
  176  13:02  Marauder x2  
  180  13:23  Marine  
  181  13:39  Marine  
  181  13:54  Marine  
  181  13:58  Marauder  
  181  14:14  Supply Depot  
  181  14:35  Marine x2  
  181  14:36  Marauder  
  181  14:37  Supply Depot  
Show
View Real Time Build Order
Export as new Build Order

A.I. 1 (Easy) Protoss 

Build Orders:  

Get SALT Encoding   

  12  0:00  Probe  
  13  0:13  Probe  
  14  0:20  Pylon  
  14  0:25  Probe  
  15  0:38  Probe  
  16  0:45  Assimilator  
  16  0:50  Gateway  
  16  0:54  Pylon  
  16  1:19  Assimilator  
  16  1:38  Zealot  
  18  1:40  Cybernetics Core  
  18  1:48  Probe  
  19  2:01  Pylon  
  19  2:05  Probe  
  20  2:17  Probe, Warp Gate  
  20  2:19  Adept  
  23  2:29  Probe  
  24  2:41  Probe  
  25  2:46  Stalker  
  27  2:53  Probe  
  28  3:16  Adept  
  30  5:37  Probe, Stalker  
  30  5:39  Pylon  
  33  5:57  Probe  
  33  5:59  Robotics Facility  
  33  6:01  Stalker  
  33  6:03  Pylon  
  36  6:09  Probe  
  37  6:24  Stalker  
  31  6:45  Nexus  
  31  6:48  Sentry, Observer  
  34  7:09  Observer  
  34  7:11  Zealot  
  37  7:35  Adept  
  39  7:57  Probe  
  40  7:59  Stalker  
  40  8:01  Probe  
  40  8:03  Assimilator  
  40  8:05  Assimilator  
  43  8:09  Probe  
  44  8:13  Probe  
  45  8:21  Probe  
  45  8:25  Probe  
  47  8:33  Probe  
  48  8:38  Probe  
  49  8:45  Probe  
  50  8:50  Probe  
  51  8:57  Probe  
  51  9:02  Probe  
  54  9:10  Probe  
  54  9:14  Probe  
  55  9:22  Probe  
  56  9:26  Probe  
  57  9:34  Probe  
  57  9:38  Probe  
  59  9:46  Probe  
  59  9:50  Probe  
  61  9:58  Probe  
  62  10:34  Warp Prism  
  64  10:38  Gateway  
  64  10:39  Forge  
  64  10:41  Robotics Bay  
  64  10:44  Stargate  
  64  10:49  Pylon  
  64  11:10  Warp Prism  
  66  11:12  Stalker  
  66  11:14  Protoss Ground Weapons Level 1  
  66  11:17  Pylon  
  54  11:29  Gateway, Observer Gravitic Boosters  
  54  11:30  Void Ray  
  58  11:46  Observer  
  59  11:49  Zealot  
  61  12:07  Stalker  
  63  12:26  Gravitic Drive, Stalker  
  53  12:45  Zealot  
  49  12:59  Zealot  
  49  13:00  Probe  
  47  13:12  Probe  
  40  13:14  Immortal  
  31  13:24  Probe  
  32  13:28  Zealot  
  30  13:36  Probe  
  30  13:43  Zealot  
  29  13:49  Probe  
  30  13:57  Zealot  
  30  13:59  Nexus  
  30  14:01  Probe  
  21  14:11  Zealot  
  21  14:13  Probe  
  21  14:23  Pylon  
  21  14:36  Assimilator  
  18  14:41  Nexus, Zealot  
Tags
 
Add a new tag
Caveats
  • Supply blocks, unpowered buildings, or Contaminate may cause inaccurate times.
  • Supply counts are checked every 10 seconds.